 Dungeon Crawl Stone Soup version 0.30-a0-726-gd89dcf765f (webtiles) character file.

Game seed: 12947002683547100010

1801 jimonade the Thaumaturge (level 9, -1/55 HPs)
             Began as a Djinni Fire Elementalist on Jan 29, 2023.
             Was an Initiate of Ashenzari.
             Killed by an exploding yak (9 damage)
             ... ignited by their inner flame
             ... on level 7 of the Dungeon.
             The game lasted 00:14:10 (6039 turns).

jimonade the Thaumaturge (Djinni Fire Elementalist) Turns: 6039, Time: 00:14:10

Health: -1/55      AC:  6    Str: 15    XL:     9   Next: 30%
Gold:   394        EV: 12    Int: 18    God:    Ashenzari [......] SH:  5 Dex: 15

rFire   + + .      SeeInvis .    a - +2 short sword (venom)
rCold   x . .      Faith    .    (no shield)
rNeg    . . .      Spirit   .    F - +2 leather armour {rPois}
rPois   ∞          Reflect  +    (no helmet)
rElec   .          Harm     .    n - +0 cloak of the Shattered Dismay {Melee, Self} (curse)
rCorr   .          Rampage  .    (no gloves)
Will    .....                    (boots unavailable)
Stlth   ++                       C - amulet of reflection
HPRegen 0.29/turn                d - +6 ring of strength
MPRegen 0.00/turn                (no ring)

@: flying
A: sickness immunity, fire resistance 2, cold vulnerability 1, float, innate
caster, HP casting, extra vitality 1
a: Renounce Religion, Shatter the Chains


You were on level 7 of the Dungeon.
You worshipped Ashenzari.
Ashenzari was noncommittal.
You visited 2 branches of the dungeon, and saw 8 of its levels.
You also visited: Sewer.

You collected 394 gold pieces.

Inventory:

Hand Weapons
 a - a +2 short sword of venom (weapon)
 b - a +0 sling
 f - a +4 sling
 r - a +1 dagger
 z - a +0 rapier
Missiles
 k - 24 poisoned darts
 t - a curare-tipped dart
 A - 2 atropa-tipped darts
Armour
 c - a +0 leather armour
 n - the cursed +0 cloak of the Shattered Dismay (worn) {Melee, Self}
   (You found it on level 2 of the Dungeon)

   It has a curse which improves the following skills: Melee Combat: Short
   Blades, Long Blades, Axes, Maces & Flails, Polearms, Staves and Unarmed
   Combat.
   Introspection: Fighting and Spellcasting.
 o - a +0 kite shield
 F - a +2 leather armour of poison resistance (worn)
Magical Staves
 m - a staff of death
Jewellery
 d - a +6 ring of strength (left hand)
 C - an amulet of reflection (around neck)
Wands
 w - a wand of charming (4)
 y - a wand of polymorph (7)
Scrolls
 h - 4 scrolls of identify
 q - a scroll of blinking
 u - 3 scrolls of teleportation
 v - a scroll of fear
 x - a scroll of enchant armour
 D - a scroll of poison
Potions
 e - 2 potions of curing
 g - a potion of heal wounds
 i - a potion of berserk rage {unknown}
 j - 5 potions of brilliance
 l - a potion of invisibility
 p - 2 potions of resistance
 s - 4 potions of might
 B - a potion of mutation
 E - a potion of cancellation


   Skills:
 - Level 2.1 Dodging
 - Level 1.5 Stealth
 + Level 9.2(9.6) Spellcasting


You had 6 spell levels left.
You knew the following spells:

 Your Spells              Type           Power      Damage    Failure   Level
a - Foxfire               Conj/Fire      100%       2x1d9     1%          1
b - Scorch                Fire           86%        2d9       1%          2
c - Kindle Blastsparks    Fire/Tloc/Air  86%        2d17      1%          3
d - Inner Flame           Hex/Fire       43%        N/A       1%          3
e - Flame Wave            Conj/Fire      43%        2d11      1%          4
f - Sting                 Tmut/Pois      100%       1d8       1%          1
g - Lesser Beckoning      Tloc           86%        N/A       1%          2
h - Passwall              Tmut/Erth      35%        N/A       1%          2
i - Mephitic Cloud        Conj/Pois/Air  43%        N/A       1%          3
Your spell library was empty.

Dungeon Overview and Level Annotations

Branches:
Dungeon (7/15)             Temple (1/1) D:4           Sewer (visited)

Altars:
Ashenzari
Cheibriados
Dithmenos
Elyvilon
Fedhas
Gozag
Hepliaklqana
Makhleb
Nemelex Xobeh
Okawaru
Qazlal
Ru
Trog
Uskayaw
Wu Jian
Xom
Yredelemnul
Zin
The Shining One

Shops:
D:5 !

Annotations:
D:5 2 transporters, PriceMaster's ghost, novice OpCj


Innate Abilities, Weirdness & Mutations

You are immune to sickness and miasma.
You are immune to poison.
Your flesh is very heat resistant. (rF++)
You are vulnerable to cold. (rC-)
You float through the air rather than walking.
You learn spells naturally, not from books.
Your magical power is your life essence.
You have superior vitality. (+4 MHP)


Message History

The yak barely misses you.
Your foxfire dissipates!
The yak attacks as you move away! The yak gores you.
The foxfire hits the yak but does no damage.
Casting: Foxfire (safe; 1% risk of failure)
Confirm with . or Enter, or press ? or * to list all spells.
You don't know that spell.
The yak attacks as you move away! The yak misses you.
Casting: Foxfire (safe; 1% risk of failure)
Confirm with . or Enter, or press ? or * to list all spells.
Flames lash the yak.
Flame seeps out of the yak.
The yak is moderately wounded.
The yak's fire resistance burns away.
You block the yak's attack.
The yak is engulfed in blazing flames.
Flame seeps out of the yak.
Casting: Scorch (safe; 1% risk of failure)
Confirm with . or Enter, or press ? or * to list all spells.
Flames lash the yak.
Flame seeps out of the yak.
The yak is lightly wounded.
The yak's fire resistance burns away.
The yak is engulfed in blazing flames.
Flame seeps out of the yak.
You block the yak's attack. The yak gores you!
The yak is engulfed in blazing flames.
Flame seeps out of the yak.
The yak barely misses you.
The yak is engulfed in blazing flames.
Flame seeps out of the yak.
The yak is engulfed in blazing flames.
Flame seeps out of the yak.
Casting: Scorch (safe; 1% risk of failure)
Confirm with . or Enter, or press ? or * to list all spells.
Flames lash the yak.
Flame seeps out of the yak.
The yak is severely wounded.
The yak's fire resistance burns away.
The yak gores you. You block the yak's attack.
The yak is engulfed in blazing flames.
The yak explodes!
The fiery explosion engulfs you! You resist.
* * * LOW HITPOINT WARNING * * *
The fiery explosion engulfs the yak!!
The yak is burned terribly!
The fiery explosion engulfs the yak!!
The yak is burned terribly!
The fiery explosion engulfs the yak!!
The yak is severely wounded.
The yak explodes!
The fiery explosion engulfs you! You resist.
You die...

##### .. #.<.# ...8 #.#.#
#>## ####.#.##########
##....#.##.......#
#........#.......#
#........'.......#
#####........#...§..#
#.......?....#..@§§.#
#.###........#...○°.######
#............#..§§Y......#
#...#...#....#.......###.#
#..###.###...###.###Y#
#...#...#....# #.# .#
#....._.[....# #+# ..
#...#...#....# ##.
##.###.###...# ..


You could see 2 yaks.

Vanquished Creatures
  3 yaks (D:7)
  Eustachio (D:6)
  An ice beast (D:6)
  2 orc warriors
  An ogre (D:5)
  A necrophage (D:4)
  Blork the orc (D:4)
  4 kobold brigands (Sewer)
  5 scorpions
  3 hounds
  6 orc priests
  An iguana (D:5)
  3 orc wizards
  6 adders
  3 gnolls (D:3)
  2 white imps
  2 ufetubi
  4 worms
  4 dart slugs
  17 orcs
  8 endoplasms
  3 giant cockroaches
  8 hobgoblins
  4 jackals (D:4)
  13 kobolds
  7 quokkas
  11 ball pythons
  8 bats
  A frilled lizard (D:1)
  3 goblins
  8 rats
144 creatures vanquished.

Vanquished Creatures (others)
  258 foxfires
  3 plants (Sewer)
  4 toadstools (D:1)
265 creatures vanquished.

Grand Total: 409 creatures vanquished

Notes
Turn   | Place    | Note
-------+----------+-------------------------------------------
     0 | D:1      | jimonade the Djinni Fire Elementalist began the quest for
                  | the Orb.
     0 | D:1      | jimonade set off with the following spells memorised:
                  | Foxfire, Scorch, Kindle Blastsparks, Inner Flame, Flame
                  | Wave.
     0 | D:1      | Reached XP level 1. HP: 15/15 MP: 0/0
   160 | D:1      | Reached XP level 2. HP: 19/21 MP: 0/0
   211 | D:1      | Reached skill level 3 in Spellcasting
   465 | D:1      | Reached XP level 3. HP: 16/25 MP: 0/0
   465 | D:1      | Learned a level 1 spell: Sting
  1248 | D:2      | Reached XP level 4. HP: 24/31 MP: 0/0
  1785 | D:3      | Reached skill level 4 in Spellcasting
  1789 | D:3      | Reached XP level 5. HP: 24/35 MP: 0/0
  1789 | D:3      | Learned a level 2 spell: Lesser Beckoning
  2067 | D:3      | Found a glowing drain.
  2077 | Sewer    | Entered a sewer
  2104 | Sewer    | Noticed a kobold brigand
  2104 | Sewer    | Noticed a kobold brigand
  2117 | Sewer    | Killed a kobold brigand
  2118 | Sewer    | Reached skill level 5 in Spellcasting
  2118 | Sewer    | Reached XP level 6. HP: 29/40 MP: 0/0
  2348 | Sewer    | Reached XP level 7. HP: 39/45 MP: 0/0
  2348 | Sewer    | Learned a level 2 spell: Passwall
  2529 | D:3      | Reached skill level 6 in Spellcasting
  3689 | D:4      | Found a staircase to the Ecumenical Temple.
  3698 | Temple   | Entered the Ecumenical Temple
  3746 | Temple   | Became a worshipper of Ashenzari the Shackled
  4055 | D:4      | Reached XP level 8. HP: 36/50 MP: 0/0
  4152 | D:4      | Reached skill level 7 in Spellcasting
  4283 | D:4      | Noticed Blork the orc
  4289 | D:4      | Killed Blork the orc
  4384 | D:5      | Entered Level 5 of the Dungeon
  4894 | D:5      | Reached skill level 8 in Spellcasting
  4999 | D:5      | Found Tej Syl's Distillery.
  5296 | D:5      | Found a transporter.
  5301 | D:5      | Found a transporter.
  5302 | D:5      | Noticed PriceMaster's ghost (novice OpCj)
  5387 | D:6      | Reached * piety under Ashenzari
  5398 | D:6      | Noticed Eustachio
  5404 | D:6      | Killed Eustachio
  5405 | D:6      | Reached XP level 9. HP: 48/55 MP: 0/0
  5405 | D:6      | Learned a level 3 spell: Mephitic Cloud
  5599 | D:6      | Found a shimmering altar of Xom.
  5674 | D:6      | Reached skill level 9 in Spellcasting
  6039 | D:7      | Killed by an exploding yak... ignited by their inner flame

Illustrated notes

Levels and vault maps discovered:
D:1:      ldierk_walled_garden_2, layout_basic, corexii_leaking_fountain,
          grunt_decor_resistance
D:2:      layout_basic
D:3:      layout_rooms, portal_sewer_entry_f, minmay_door_square
D:4:      layout_gridville, minmay_temple_entry_hall, nicolae_hexahallways,
          uniq_blork_the_orc
D:5:      minmay_spotlight, layout_loops_ring, gammafunk_ghost_hive,
          serial_shops, shop
D:6:      lemuel_ice_spiral_2, layout_basic, mainiacjoe_overflow_alcove_1,
          uniq_eustachio
D:7:      lemuel_slime, layout_basic, vehumet_crystals,
          nicolae_overflow_hidden_temple, serial_shops, shop_fountains,
          nicolae_shop_crystal, nicolae_stop_n_shop_1, shop_fountains,
          chequers_arboretum
Temple:   hellmonk_temple_of_storms

Skill      XL: |  1  2  3  4  5  6  7  8  9 |
---------------+----------------------------+-----
Spellcasting   | 3 4 5 6 8 9 |  9.2
Dodging        | |  2.1
Stealth        | |  1.5

Action                     |  1- 3 |  4- 6 |  7- 9 || total
---------------------------+-------+-------+-------++-------
  Melee: Unarmed           |     1 |       |       ||     1
         Dagger            |     1 |     1 |       ||     2
         Short sword       |       |     1 |       ||     1
   Cast: Foxfire           |    49 |    29 |    74 ||   152
         Scorch            |     8 |    28 |    56 ||    92
         Inner Flame       |       |     3 |    19 ||    22
         Flame Wave        |       |       |     1 ||     1
 Invoke: Curse Item        |       |       |     2 ||     2
         Shatter the Chain |       |       |     1 ||     1
    Use: Scroll            |       |     3 |     3 ||     6
   Stab: Sleeping          |     1 |       |       ||     1
 Armour: Robe              |     2 |     5 |     2 ||     9
  Dodge: Dodged            |    13 |    17 |    24 ||    54
  Block: Other             |       |       |     5 ||     5

Table legend: (Time is in decaauts)
 A = Elapsed time spent in this place.
 B = Non-inter-level travel time spent in this place.
 C = Inter-level travel time spent in this place.
 D = Time resting spent in this place.
 E = Time spent auto-exploring this place.
 F = Levels seen in this place.
 G = Mean time per level.
                   A        B        C        D        E       F      G
               +--------+--------+--------+--------+--------+-----+--------+
         Total |   6038 |   5865 |    173 |    706 |   3968 |   9 |  670.9 |
       Dungeon |   5519 |   5374 |    145 |    669 |   3735 |   7 |  788.4 |
        Temple |     69 |     41 |     28 |      0 |     18 |   1 |   69.0 |
         Sewer |    449 |    449 |      0 |     37 |    215 |   1 |  449.0 |
               +--------+--------+--------+--------+--------+-----+--------+

Top non-repeatable levels by time:
     D:2: 1063 daAuts
     D:4: 1015 daAuts
     D:1: 954 daAuts
     D:5: 927 daAuts
     D:3: 900 daAuts
     D:6: 593 daAuts
   Sewer: 449 daAuts
  Temple: 69 daAuts
     D:7: 64 daAuts
